 Dungeon Crawl Stone Soup version 0.29.1-12-g30fa7ad0bf (webtiles) character file.

Game seed: 15263093909671626150

44618 wormed the Fighter (level 14, -2/117 HPs)
             Began as a Djinni Fire Elementalist on Dec 22, 2022.
             Was a High Priest of Ashenzari.
             Slain by a hell hound (5 damage)
             ... on level 5 of the Lair of Beasts.
             The game lasted 01:14:46 (12977 turns).

wormed the Fighter (Djinni Fire Elementalist)      Turns: 12977, Time: 01:14:46

Health: -2/117     AC:  6    Str:  7    XL:     14   Next: 66%
Gold:   1005       EV: 31    Int: 22    God:    Ashenzari [*****.] SH:  0 Dex: 19

rFire   . . .      SeeInvis +   (weapon currently unavailable)
rCold   . . .      Faith    .   (shield currently unavailable)
rNeg    . . .      Spirit   .   (body armour currently unavailable)
rPois   ∞          Reflect  .   (helmet currently unavailable)
rElec   .          Harm     .   (cloak currently unavailable)
rCorr   .          Rampage  .   (gloves currently unavailable)
Will    +....      Clarity  +   (boots unavailable)
Stlth   ++........              g - amulet "Restrained Serendipity" {Regen+, Self, Melee} (curse)
HPRegen 1.09/turn               y - +4 ring of evasion
MPRegen 0.00/turn               J - ring of the Fated Dismay {AC+4, Self, Evo} (curse)

@: spider-form, flying
A: venomous fangs, flying, sickness immunity, tiny, (fire resistance 2), (cold
vulnerability 1), float, innate caster, HP casting, extra vitality 1
a: End Transformation, Renounce Religion, Curse Item, Shatter the Chains


You were on level 5 of the Lair of Beasts.
You worshipped Ashenzari.
Ashenzari was extremely pleased with you.
You were a venomous arachnid creature.
You visited 3 branches of the dungeon, and saw 16 of its levels.
You also visited: Sewer.

You collected 1029 gold pieces.
You spent 24 gold pieces at shops.

Inventory:

Armour
 a - the cursed +0 helmet of the Eye in the Sky (melded) {Fort, Evo}
   (You found it on level 7 of the Dungeon)

   It has a curse which improves the following skills: Fortitude: Armour and
   Shields.
   Evocations: Evocations.
 l - the cursed +0 buckler "Unveiling Discomfort" (melded) {Cun, Evo}
   (You found it on level 2 of the Dungeon)

   It has a curse which improves the following skills: Cunning: Dodging and
   Stealth.
   Evocations: Evocations.
 x - the cursed scarf of Ashenzari's Lethargy (melded) {repulsion, Fort, Self}
   (You found it on level 5 of the Dungeon)

   It has a curse which improves the following skills: Fortitude: Armour and
   Shields.
   Introspection: Fighting and Spellcasting.
 F - a +0 helmet
 H - the cursed +0 pair of gloves "Restrained Discomfort" (melded) {Range, Fort}
   (You found it on level 7 of the Dungeon)

   It has a curse which improves the following skills: Ranged Combat: Ranged
   Weapons and Throwing.
   Fortitude: Armour and Shields.
 I - a +0 pair of gloves
 K - the cursed +3 troll leather armour of Ashenzari's Seeker (melded) {Regen+, Self, Range}
   (You found it on level 9 of the Dungeon)

   Regen:     It increases your rate of health regeneration.
   It has a curse which improves the following skills: Introspection: Fighting
   and Spellcasting.
   Ranged Combat: Ranged Weapons and Throwing.
Magical Staves
 p - a staff of cold (melded)
 A - a staff of death
Jewellery
 g - the cursed amulet "Restrained Serendipity" (around neck) {Regen+, Self, Melee}
   (You found it on level 1 of the Dungeon)

   [amulet of regeneration]

   Regen:     It increases your rate of health regeneration.
   It has a curse which improves the following skills: Introspection: Fighting
   and Spellcasting.
   Melee Combat: Short Blades, Long Blades, Axes, Maces & Flails, Polearms,
   Staves and Unarmed Combat.
 y - a +4 ring of evasion (left front leg)
 J - the cursed ring of the Fated Dismay (right front leg) {AC+4, Self, Evo}
   (You found it on level 8 of the Dungeon)

   [ring of protection]

   AC:        It affects your AC (+4).
   It has a curse which improves the following skills: Introspection: Fighting
   and Spellcasting.
   Evocations: Evocations.
Wands
 n - a wand of mindburst (14)
 s - a wand of flame (42)
 B - a wand of polymorph (26)
 D - a wand of paralysis (5)
 G - a wand of iceblast (8)
Scrolls
 b - 3 scrolls of blinking
 c - 6 scrolls of magic mapping
 f - 14 scrolls of identify
 j - 4 scrolls of poison
 r - a scroll of acquirement
 t - 10 scrolls of teleportation
 u - a scroll of silence
 v - a scroll of noise
 z - a scroll of butterflies
Potions
 d - 2 potions of heal wounds
 e - 7 potions of lignification
 h - 6 potions of magic
 i - a potion of invisibility
 k - 3 potions of curing
 m - a potion of degeneration
 o - 3 potions of haste
 q - 2 potions of brilliance
 w - 3 potions of might
 C - a potion of attraction
 E - 2 potions of flight
 L - a potion of cancellation


   Skills:
 + Level 13.4(16.8) Fighting
 + Level 7.8 Armour
 + Level 9.1 Dodging
 - Level 1.5 Stealth
 + Level 7.9 Shields
 + Level 10.8(14.2) Spellcasting
 + Level 7.9(10.3) Evocations


You had 9 spell levels left.
You knew the following spells:

 Your Spells              Type           Power      Damage    Failure   Level
a - Foxfire               Conj/Fire      100%       2x1d9     1%          1
b - Scorch                Fire           100%       2d10      1%          2
c - Conjure Flame         Conj/Fire      68%        6-21      1%          3
d - Inner Flame           Hex/Fire       68%        N/A       1%          3
e - Flame Wave            Conj/Fire      68%        2d15      1%          4
f - Beastly Appendage     Tmut           100%       N/A       1%          1
g - Static Discharge      Conj/Air       68%        3-12/arc  1%          2
h - Tukima's Dance        Hex            68%        N/A       1%          3
i - Spider Form           Tmut/Pois      68%        N/A       1%          3
j - Yara's Violent Unrav  Hex/Tmut       34%        3d14      2%          5
k - Lightning Bolt        Conj/Air       34%        1d51      2%          5
Your spell library was empty.

Dungeon Overview and Level Annotations

Branches:
Dungeon (10/15)            Temple (1/1) D:4            Lair (5/5) D:9
  Swamp (0/4) Lair:2        Snake (0/4) Lair:2        Slime (0/5) Lair:5
  Sewer (visited)
    Orc: D:9-12

Altars:
Ashenzari
Cheibriados
Dithmenos
Elyvilon
Fedhas
Gozag
Hepliaklqana
Makhleb
Nemelex Xobeh
Okawaru
Qazlal
Ru
Trog
Uskayaw
Wu Jian
Xom
Yredelemnul
Zin
The Shining One

Shops:
D:2 !   D:3 *   D:7 [:(   D:9 !*


Innate Abilities, Weirdness & Mutations

You are a venomous arachnid creature.
You have poisonous fangs.
You are tiny and dextrous.
You are flying.
Your spellcasting is less reliable in this form.
Your armour is entirely melded.
You are incapable of wielding weapons or throwing items.
You are immune to sickness and miasma.
You are immune to poison.
((Your flesh is very heat resistant. (rF++)))
((You are vulnerable to cold. (rC-)))
You float through the air rather than walking.
You learn spells naturally, not from books.
Your magical power is your life essence.
You have superior vitality. (+4 MHP)


Message History

The sun demon hits you.
You are engulfed in flames!
The sun demon completely misses you.
You hit the sun demon but do no damage.
The sun demon is lightly wounded.
The sun demon closely misses you.
You hit the sun demon but do no damage.
The sun demon looks as sick as possible!
The sun demon is moderately wounded.
The sun demon hits you!
You are engulfed in flames!
* * * LOW HITPOINT WARNING * * *
You hit the sun demon but do no damage.
The sun demon is moderately wounded.
The sun demon hits you!
* * * LOW HITPOINT WARNING * * *
You are engulfed in flames!!
* * * LOW HITPOINT WARNING * * *
The smoke demon gestures at you.
The ball of steam hits the sun demon.
The sun demon resists.
The ball of steam misses you.
Blink to where?
Press: ? - help, Dir - move target, p - sun demon
As you read the scroll of blinking, it crumbles to dust.
The hell hound barks!
The smoke demon hits you but does no damage.
The smoke demon barely misses you. The smoke demon completely misses you.
The smoke demon attacks as you move away!
The smoke demon barely misses you. The smoke demon completely misses you.
The smoke demon barely misses you.
There is an open door here.
Things that are here:
a +0 trident; a hell hound corpse The smoke demon attacks as you move away!
The smoke demon barely misses you. x2; The smoke demon misses you.
The smoke demon gestures at you. The sticky flame misses you.
The hell hound completely misses you. The smoke demon gestures at you.
Something smites you!
* * * LOW HITPOINT WARNING * * *
The hell hound bites you.
You die...

♣......♣♣♣♣ ♣♣♣♣♣ * ..♣♣..♣♣.♣♣♣♣
♣♣♣♣♣ * ,♣♣ ♣♣...♣♣♣♣♣♣♣♣♣♣♣♣. *
* * ♣♣...♣♣♣♣♣♣♣♣♣..♣
*,,*♣♣♣♣♣♣♣♣♣♣....♣♣♣...♣♣. ,
♣♣♣♣♣♣♣♣♣♣♣♣.......♣♣♣.
#######++######♣♣♣♣♣♣♣♣♣.♣♣.♣♣♣♣.
#.............#########'♣♣♣♣♣ ♣♣
#....8§...8...#.s......#♣♣♣♣♣ *♣
#....§§......33h..8.8..#♣♣♣♣ ♣
###############..8.#...#♣♣♣ *♣
≈§§≈≈§........#...8.#..#♣♣ ♣.
≈§≈≈..........#..#)8...#♣♣ ♣..
~∩,, , ,,..'...#.8..#♣♣ *♣.., ~~
,, ,,,,..#..8.8...#♣♣ *.♣. ~ ~ ,
..#........#♣♣ * ~ ~~~~
############♣♣


You could see a sun demon (very poisoned), a smoke demon and a hell hound.

Vanquished Creatures
  A dire elephant (Lair:5)
  A fire dragon (Lair:3)
  3 hydras
  A catoblepas (Lair:5)
  6 death yaks (Lair:5)
  The ghost of SirLogeyBear the Cleaver, a novice HOBe of Trog (D:8)
  A bog body (Lair:2)
  A wizard (Lair:5)
  A necromancer (Lair:2)
  6 elephants (Lair:5)
  2 torpor snails
  11 cane toads
  An orange demon (Lair:5)
  Maggie (D:6)
  A gargoyle (D:5)
  9 black mambas
  The ghost of Coaxmetal the Arsonist, a novice DrFE of Ashenzari (D:5)
  6 rime drakes
  10 komodo dragons
  3 ice devils (Lair:5)
  A red devil (Lair:5)
  A troll (D:9)
  3 polar bears
  Prince Ribbit (D:5)
  2 slime creatures (Lair:5)
  16 blink frogs
  15 dream sheep
  Sigmund (D:3)
  A wraith (D:8)
  3 wyverns
  28 yaks
  4 steam dragons
  3 basilisks
  Edmund (D:5)
  3 acid dragons
  16 water moccasins
  3 hell hounds (Lair:5)
  4 orc warriors
  2 ice beasts
  2 black bears
  2 ogres
  2 sky beasts (D:7)
  8 wolves
  3 centaurs
  3 phantoms
  Blork the orc (D:5)
  2 kobold brigands
  10 bullfrogs
  2 necrophages
  A gnoll sergeant (D:8)
  3 scorpions
  11 wights
  5 killer bees (D:9)
  A howler monkey (D:9)
  5 hounds
  2 gnoll boudas
  5 orc priests
  6 jellies
  Natasha (twice) (D:2)
  Ijyb (D:3)
  2 iguanas
  4 orc wizards (D:7)
  2 yak simulacra (Lair:2)
  3 polar bear simulacra (Lair:2)
  2 wolf simulacra (Lair:2)
  17 gnolls
  8 adders
  A shadow imp (D:5)
  A white imp (D:6)
  An ufetubus (D:6)
  2 dart slugs
  21 orcs
  11 ball pythons
  7 bats
  4 endoplasms
  14 giant cockroaches
  11 goblins
  6 hobgoblins
  16 kobolds
  11 quokkas
  12 frilled lizards
  4 rats (D:1)
  4 river rat simulacra (Lair:2)
  A plant (Lair:4)
417 creatures vanquished.

Vanquished Creatures (collateral kills)
  An orc (D:5)
1 creature vanquished.

Vanquished Creatures (others)
  2 dancing weapons (D:5)
  149 foxfires
  22 fungi
  23 plants
196 creatures vanquished.

Grand Total: 614 creatures vanquished

Notes
Turn   | Place    | Note
-------+----------+-------------------------------------------
     0 | D:1      | wormed the Djinni Fire Elementalist began the quest for the
                  | Orb.
     0 | D:1      | wormed set off with the following spells memorised:
                  | Foxfire, Scorch, Conjure Flame, Inner Flame, Flame Wave.
     0 | D:1      | Reached XP level 1. HP: 15/15 MP: 0/0
   481 | D:1      | Reached skill level 1 in Fighting
   481 | D:1      | Reached XP level 2. HP: 20/22 MP: 0/0
   998 | D:1      | Reached XP level 3. HP: 25/27 MP: 0/0
   998 | D:1      | Learned a level 1 spell: Beastly Appendage
  1630 | D:2      | Found a white marble altar of Elyvilon.
  1736 | D:2      | Noticed Natasha
  1742 | D:2      | Reached skill level 2 in Fighting
  1742 | D:2      | Killed Natasha
  1743 | D:2      | Reached XP level 4. HP: 28/34 MP: 0/0
  1902 | D:2      | Found Kitroerr's Distillery.
  2013 | D:2      | Noticed Natasha
  2016 | D:2      | Killed Natasha
  2017 | D:2      | Reached XP level 5. HP: 38/40 MP: 0/0
  2017 | D:2      | Learned a level 2 spell: Static Discharge
  2401 | D:3      | Noticed Ijyb
  2408 | D:3      | Killed Ijyb
  2409 | D:3      | Reached skill level 3 in Fighting
  2496 | D:3      | Found a faded altar of an unknown god.
  2564 | D:3      | Found Jeystidu's General Store.
  2572 | D:3      | Bought a scroll of identify for 24 gold pieces
  2834 | D:3      | Noticed Sigmund
  2838 | D:3      | Killed Sigmund
  2839 | D:3      | Reached skill level 4 in Fighting
  2839 | D:3      | Reached XP level 6. HP: 28/47 MP: 0/0
  3476 | D:4      | Noticed an ice beast
  3479 | D:4      | Killed an ice beast
  3480 | D:4      | Reached XP level 7. HP: 40/53 MP: 0/0
  3480 | D:4      | Learned a level 3 spell: Tukima's Dance
  3637 | D:4      | Reached skill level 5 in Fighting
  3648 | D:4      | Found a staircase to the Ecumenical Temple.
  3778 | Temple   | Entered the Ecumenical Temple
  3784 | Temple   | Became a worshipper of Ashenzari the Shackled
  3947 | D:5      | Entered Level 5 of the Dungeon
  3953 | D:5      | Noticed Prince Ribbit
  3956 | D:5      | Killed Prince Ribbit
  3957 | D:5      | Reached skill level 5 in Spellcasting
  3957 | D:5      | Reached XP level 8. HP: 55/60 MP: 0/0
  3967 | D:5      | Noticed Edmund
  3974 | D:5      | Killed Edmund
  4006 | D:5      | Reached skill level 6 in Fighting
  4137 | D:5      | Reached skill level 7 in Fighting
  4259 | D:5      | Reached XP level 9. HP: 64/68 MP: 0/0
  4259 | D:5      | Learned a level 3 spell: Spider Form
  4330 | D:5      | Noticed Blork the orc
  4337 | D:5      | Killed Blork the orc
  4400 | D:5      | Found a runed translucent door.
  4401 | D:5      | Noticed Coaxmetal's ghost (novice DrFE)
  4401 | D:5      | Noticed a gargoyle
  4646 | D:5      | Killed Coaxmetal's ghost
  4647 | D:5      | Reached skill level 8 in Fighting
  4653 | D:5      | Killed a gargoyle
  4709 | D:5      | Found the +3 giant club "Skullcrusher" {speed, Str+7}
  4820 | D:6      | Found a glowing golden altar of the Shining One.
  4869 | D:6      | Reached skill level 9 in Fighting
  5070 | D:6      | Found an iron altar of Okawaru.
  5107 | D:6      | Reached XP level 10. HP: 77/78 MP: 0/0
  5181 | D:6      | Found a sparkling altar of Nemelex Xobeh.
  5235 | D:6      | Noticed Maggie
  5242 | D:6      | Killed Maggie
  5366 | D:6      | Found a glowing drain.
  5414 | Sewer    | Entered a sewer
  5484 | Sewer    | Reached skill level 10 in Fighting
  6160 | D:7      | Found Pitiof's Book Boutique.
  6191 | D:7      | Found Som Loyn's Weapon Shoppe.
  6515 | D:7      | Found Ojekuasm's Antique Armour Emporium.
  6578 | D:7      | Found a snail-covered altar of Cheibriados.
  6578 | D:7      | Found a stormy altar of Qazlal.
  6945 | D:8      | Reached skill level 11 in Fighting
  6970 | D:8      | Reached * piety under Ashenzari
  7229 | D:8      | Found a runed translucent gate.
  7230 | D:8      | Found a runed translucent gate.
  7230 | D:8      | Noticed SirLogeyBear's ghost (novice HOBe)
  7231 | D:8      | Found a runed translucent gate.
  7527 | D:8      | Reached XP level 11. HP: 36/89 MP: 0/0
  7527 | D:8      | Learned a level 5 spell: Yara's Violent Unravelling
  7535 | D:8      | Killed SirLogeyBear's ghost
  7536 | D:8      | Reached skill level 1 in Armour
  7536 | D:8      | Reached skill level 1 in Shields
  7536 | D:8      | Reached skill level 1 in Evocations
  7788 | D:9      | Reached ** piety under Ashenzari
  7812 | D:9      | Found a bloodstained altar of Trog.
  8131 | D:9      | Found an opulent altar of Gozag.
  8161 | D:9      | Found Pechelev's Distillery.
  8424 | D:9      | Found a staircase to the Lair.
  8483 | D:9      | Found Jiuhi's General Store.
  8580 | D:10     | Entered Level 10 of the Dungeon
  8642 | Lair:1   | Entered Level 1 of the Lair of Beasts
  8778 | Lair:1   | Reached *** piety under Ashenzari
  8853 | Lair:1   | Noticed an eight-headed hydra
  8859 | Lair:1   | Killed an eight-headed hydra
  8863 | Lair:1   | Reached XP level 12. HP: 61/98 MP: 0/0
  8903 | Lair:1   | Reached skill level 5 in Dodging
  8905 | Lair:1   | Identified a scroll of acquirement
  9463 | Lair:2   | Reached skill level 12 in Fighting
  9463 | Lair:2   | Found a staircase to the Swamp.
  9508 | Lair:2   | Found a staircase to the Snake Pit.
  9554 | Lair:2   | Noticed an eight-headed hydra
  9560 | Lair:2   | Killed an eight-headed hydra
  9561 | Lair:2   | Reached skill level 5 in Evocations
  9798 | Lair:2   | Reached skill level 5 in Shields
  9879 | Lair:2   | Reached skill level 5 in Armour
 10140 | Lair:3   | Noticed an eight-headed hydra
 10151 | Lair:3   | Killed an eight-headed hydra
 10332 | Lair:3   | Reached XP level 13. HP: 73/104 MP: 0/0
 10332 | Lair:3   | Learned a level 5 spell: Lightning Bolt
 10434 | Lair:3   | Reached skill level 10 in Spellcasting
 10675 | Lair:3   | Identified Ucsabiu's Spellbook of Silt
 11010 | Lair:3   | Reached **** piety under Ashenzari
 11173 | Lair:3   | Noticed a fire dragon
 11178 | Lair:3   | Killed a fire dragon
 11832 | Lair:5   | Entered Level 5 of the Lair of Beasts
 12009 | Lair:5   | Reached ***** piety under Ashenzari
 12058 | Lair:5   | Reached XP level 14. HP: 120/121 MP: 0/0
 12063 | Lair:5   | Reached skill level 13 in Fighting
 12120 | Lair:4   | Identified the cursed +0 helmet of the Eye in the Sky
                  | {Fort, Evo} (You found it on level 7 of the Dungeon)
 12468 | Lair:5   | Noticed a dire elephant
 12477 | Lair:5   | Killed a dire elephant
 12560 | Lair:5   | Found a staircase to the Slime Pits.
 12977 | Lair:5   | HP: 3/117 [smoke demon/divine providence (9)]
 12977 | Lair:5   | Slain by a hell hound

Illustrated notes

Levels and vault maps discovered:
D:1:      lightli_iron_boxes, layout_loops_corners
D:2:      layout_basic, basic_altar, serial_shops, shop,
          hangedman_decor_diamond_cutter, uniq_natasha
D:3:      minmay_octagon_keep, layout_loops_cross,
          shapermc_ecumenical_altar_mp_vishouse, serial_shops, shop, uniq_ijyb,
          uniq_sigmund
D:4:      layout_basic, minmay_temple_entry_trees
D:5:      layout_cave_pools, ebering_ghost_inner_flame,
          chequers_serial_rivers_micro_d, uniq_edmund, uniq_prince_ribbit1,
          uniq_blork_the_orc
D:6:      layout_basic, general_overflow_altar, portal_sewer_entry_f,
          kennysheep_minor_cross, hangedman_feature_mirror,
          chequers_serial_rivers_room_b, kennysheep_generic_room_5, uniq_maggie
D:7:      layout_cave_pools, gammafunk_temple_overflow_wave, serial_shops,
          nicolae_shop_waterfront, nicolae_diamond_shop, shop,
          nicolae_figureground_sparkle
D:8:      layout_basic, biasface_ghost_orc_armoury
D:9:      layout_long_grid, nicolae_gozag_seed_capital,
          mainiacjoe_overflow_concentric_impassable, lair_entry_dummy,
          serial_shops, nicolae_shop_behind_doors, shop_fountains,
          nicolae_figureground_pulse
D:10:     minmay_skewed_foursquare, layout_rooms, ebering_ghost_reflecting_pool,
          minmay_misc_feat_enclosed, nicolae_lava_and_water, uniq_josephine
Temple:   sentei_temple_godly_chess
Lair:1:   layout_roguey, infiniplex_staircase_pool_2
Lair:2:   layout_hall_layers, skrybe_swamp_entry_bodies,
          minmay_snake_entry_six_corridors, eino_house_with_fridge
Lair:3:   dragon1_lemuel, layout_cave_pods
Lair:4:   layout_misc_corridors, chequers_serial_rivers_micro_c
Lair:5:   evil_forest, layout_cave_pods, minmay_slime_entry_pillars,
          gauntlet_entry_generic, infiniplex_staircase_pool, grunt_megastairs_3,
          serial_bayou_shore_b

Skill      XL: |  1  2  3  4  5  6  7  8  9 10 11 12 13 14 |
---------------+-------------------------------------------+-----
Fighting       | 1 2 4 5 7 9 11 12 13 | 13.4
Spellcasting   | 3 4 5 6 7 8 9 10 | 10.8
Armour         | 3 5 6 7 |  7.8
Shields        | 3 5 6 7 |  7.9
Evocations     | 3 5 7 |  7.9
Dodging        | 4 6 8 9 |  9.1
Stealth        | |  1.5

Action                   |  1- 3 |  4- 6 |  7- 9 | 10-12 | 13-15 || total
-------------------------+-------+-------+-------+-------+-------++-------
Melee: Unarmed           |     1 |       |       |       |     8 ||     9
       Staff             |       |       |       |     5 |    11 ||    16
 Cast: Foxfire           |    12 |       |     6 |    59 |     3 ||    80
       Scorch            |    30 |    40 |    78 |   190 |    48 ||   386
       Inner Flame       |       |     6 |    30 |   104 |    82 ||   222
       Tukima's Dance    |       |       |     4 |     5 |     2 ||    11
       Flame Wave        |       |       |     1 |    14 |     8 ||    23
       Conjure Flame     |       |       |     1 |     2 |       ||     3
       Lightning Bolt    |       |       |       |       |   111 ||   111
       Spider Form       |       |       |       |       |     1 ||     1
       Beastly Appendage |       |       |       |       |     1 ||     1
Invok: Curse Item        |       |       |       |     4 |     3 ||     7
  Use: Potion            |       |       |       |     1 |       ||     1
       Scroll            |       |       |       |     4 |     1 ||     5
Armor: Robe              |     1 |     3 |     3 |     3 |       ||    10
       Troll leather arm |       |       |       |    26 |    11 ||    37
       Skin              |       |       |       |       |     1 ||     1
Dodge: Dodged            |    11 |     2 |    14 |    95 |    67 ||   189
       Repelled          |       |       |     2 |       |       ||     2
Block: Buckler           |       |       |       |    25 |    19 ||    44
